 Dungeon Crawl Stone Soup version 0.31.0-4-g52a2dc7128 (webtiles) character file.

Game seed: 3784555717266699623

40 Esekla the Grasshopper (level 3, -3/20 HPs)
             Began as a Deep Elf Warper on Jan 22, 2024.
             Slain by a kobold
             ... wielding a +0 whip
              (4 damage)
             ... on level 2 of the Dungeon.
             The game lasted 00:05:15 (934 turns).

Esekla the Grasshopper (Deep Elf Warper)             Turns: 934, Time: 00:05:16

Health: -3/20      AC:  3    Str:  8    XL:     3   Next: 30%
Magic:  10/10      EV: 12    Int: 19    God:
Gold:   81         SH:  0    Dex: 14    Spells: 7/9 levels left

rFire   . . .        a - +0 long sword (holy)
rCold   . . .        (no shield)
rNeg    . . .        b - +0 leather armour
rPois   .            (no helmet)
rElec   .            (no cloak)
rCorr   .            (no gloves)
SInv    .            (no boots)
Will    .....        (no amulet)
Stlth   +            (no ring)
HPRegen 0.23/turn    (no ring)
MPRegen 0.12/turn

%: no passive effects
@: invisible
A: no striking features
a: no special abilities


You were on level 2 of the Dungeon.
You visited 1 branch of the dungeon, and saw 2 of its levels.

You collected 81 gold pieces.

Inventory:

Hand Weapons
 a - a +0 long sword of holy wrath (weapon)
 s - a +0 dagger of draining
Missiles
 j - 5 poisoned darts (quivered)
Armour
 b - a +0 leather armour (worn)
Scrolls
 c - 2 scrolls of blinking
 e - 2 scrolls of identify {unknown}
 f - a scroll of teleportation {unknown}
 h - a scroll of acquirement {unknown}
Potions
 d - a potion of curing {unknown}
 i - a potion of heal wounds {unknown}


   Skills:
 - Level 1.5 Fighting
 + Level 2.0 Long Blades
 + Level 1.0 Throwing
 + Level 1.0 Armour
 * Level 3.2 Dodging
 * Level 3.6 Spellcasting
 + Level 3.8 Translocations


You had 7 spell levels left.
You knew the following spells:

 Your Spells              Type           Power      Damage    Failure   Level
b - Blink                 Tloc           34%        N/A       6%          2

Your spell library contained the following spells:

 Spells                   Type           Power      Damage    Failure   Level
 Lesser Beckoning         Tloc           34%        N/A       6%          2
 Teleport Other           Tloc           17%        N/A       13%         3
 Manifold Assault         Tloc           17%        N/A       38%         4
 Vhi's Electric Charge    Tloc/Air       20%        N/A       67%         4


Dungeon Overview and Level Annotations

Branches:
Dungeon (2/15)

Altars:


Message History

Confirm with . or Enter, or press ? or * to list all spells.
You blink.
Found 6 gold pieces.
You feel ready to blink again.
You barely miss the frilled lizard. The frilled lizard barely misses you.
You miss the frilled lizard. The frilled lizard barely misses you.
The frilled lizard bites you but does no damage.
You miss the frilled lizard. The frilled lizard barely misses you.
You slash the frilled lizard!
You kill the frilled lizard!
The adder misses you.
You barely miss the adder. The adder closely misses you. x2
You miss the adder. The adder closely misses you.
You completely miss the adder. The adder bites you.
You are poisoned.
The adder poisons you! The adder bites you.
You hit the adder but do no damage.
You feel sick. The adder bites you. x2
You are more poisoned.
The adder poisons you!
You barely miss the adder.
You feel very sick. The adder misses you. The adder closely misses you.
You completely miss the adder.
* * * LOW HITPOINT WARNING * * *
You feel sick. The adder completely misses you.
It was a potion of invisibility.
You fade into invisibility!
You feel sick. The adder closely misses you. x2
You feel sick.
You feel sick.
You closely miss the adder. Your punch misses the adder.
You feel sick. The adder misses you. x2
You feel sick.
You are no longer poisoned.
Found 2 sapphire potions.
The adder closely misses you. 2 gnolls come into view.
The adder bites you.
* * * LOW HITPOINT WARNING * * *
The kobold hits you with a +0 whip.
You die...

##### ... ### ..$ .!#
#.# ########.# #.#
g.g......#
##.##########..#
#.......K†..#S@####
###..########.#K....#
.....# ##.....##.#
.K...# #......# #
....## #........#
###.# #.#.......# #.#
#.##...##.# #.#
###.###.## .# #.#
#.^...... ..


You could see an adder (unable to see you) and a kobold (unable to see you).

Vanquished Creatures
  A dart slug (D:1)
  5 ball pythons (D:1)
  4 bats
  5 endoplasms
  A giant cockroach (D:1)
  5 goblins (D:1)
  2 hobgoblins
  A kobold (D:2)
  2 quokkas (D:1)
  5 frilled lizards
  4 rats (D:1)
35 creatures vanquished.

Notes
Turn   | Place    | Note
-------+----------+-------------------------------------------
     0 | D:1      | Esekla the Deep Elf Warper began the quest for the Orb.
     0 | D:1      | Reached XP level 1. HP: 12/12 MP: 6/6
   134 | D:1      | Reached XP level 2. HP: 16/16 MP: 8/8
   532 | D:1      | Reached XP level 3. HP: 18/19 MP: 10/10
   535 | D:1      | Learned a level 2 spell: Blink
   837 | D:2      | Reached skill level 1 in Armour
   934 | D:2      | HP: 1/20 [adder (2)]
   934 | D:2      | Slain by a kobold

Illustrated notes

Levels and vault maps discovered:
D:1:      kennysheep_arrival_seaside, layout_rooms
D:2:      layout_loops_ring

Skill      XL: |  1  2  3 |
---------------+----------+-----
Dodging        | 3 |  3.2
Long Blades    | 2 |  2.0
Armour         | 1 |  1.0
Fighting       | |  1.5
Throwing       | |  1.0
Spellcasting   | |  3.6
Translocations | |  3.8

Action                     || total
---------------------------++-------
  Melee: Falchion          ||    34
         Long sword        ||    53
         Punch             ||     1
   Cast: Blink             ||     1
    Use: Potion            ||     1
 Armour: Leather armour    ||    39
  Dodge: Dodged            ||    67
